 Dungeon Crawl Stone Soup version 0.31.0-9-g3a7656b989 (webtiles) character file.

Game seed: 7261400200009537300

592 qw the Skirmisher (level 7, -6/40 HPs)
             Began as a Deep Elf Hunter on Feb 2, 2024.
             Shot with an arrow by a centaur (12 damage)
             ... on level 5 of the Dungeon.
             The game lasted 00:00:15 (3062 turns).

qw the Skirmisher (Deep Elf Hunter)                 Turns: 3062, Time: 00:00:15

Health: -6/40      AC:  7    Str: 12    XL:     7   Next: 16%
Magic:  9/9        EV: 12    Int: 14    God:
Gold:   89         SH:  0    Dex: 20    Spells: 6/6 levels left

rFire   + . .        a - +0 shortbow
rCold   . . .        (shield currently unavailable)
rNeg    . . .        b - +1 ring mail
rPois   .            h - +0 helmet
rElec   .            c - scarf {repulsion}
rCorr   .            (no gloves)
SInv    .            (no boots)
Will    .....        (no amulet)
Stlth   +            i - +6 ring of strength
HPRegen 0.26/turn    j - ring of protection from fire
MPRegen 0.11/turn

%: repel missiles
@: no status effects
A: mutation resistance 1, weak 1
a: no special abilities


You were on level 5 of the Dungeon.
You visited 1 branch of the dungeon, and saw 5 of its levels.

You collected 199 gold pieces.
You spent 110 gold pieces at shops.


Innate Abilities, Weirdness & Mutations

You are somewhat resistant to further mutation.
You are weak. (Str -2)


   Skills:
 - Level 2.1 Fighting
 + Level 10.7 Ranged Weapons
 - Level 1.0 Armour
 - Level 3.0 Dodging
 - Level 1.2 Stealth


You had 6 spell levels left.
You didn't know any spells.
Your spell library was empty.

Inventory:

Hand Weapons
 a - a +0 shortbow (weapon)
Armour
 b - a +1 ring mail (worn)
 c - a scarf of repulsion (worn)
 h - a +0 helmet (worn)
 r - a +0 cloak
Jewellery
 i - a +6 ring of strength (left hand)
 j - a ring of protection from fire (right hand)
Scrolls
 d - 3 scrolls of identify
 l - a scroll of teleportation
Potions
 f - a potion of attraction {unknown}
 g - 4 potions of heal wounds
 k - a potion of resistance
 m - a potion of mutation
 n - a potion of might {unknown}
 o - 3 potions of curing
 q - a potion of degeneration {unknown}
 s - a potion of haste {unknown}

Dungeon Overview and Level Annotations

Branches:
Dungeon (5/15)
 Temple: D:4-7

Altars:
Nemelex Xobeh
Xom

Shops:
D:4 !

Annotations:
D:4 2 runed translucent doors, Eustachio


Message History

The arrow completely misses the shadow imp.
The shadow imp shouts!
A centaur comes into view.
You shoot an arrow. The arrow hits the centaur!
The centaur is heavily wounded.
The centaur wields a +0 orcbow.
The centaur shoots an arrow.
The arrow closely misses you.
You shoot an arrow. The arrow barely misses the shadow imp.
The centaur shoots an arrow.
The arrow hits you.
A scorpion comes into view.
You shoot an arrow.
The arrow closely misses the shadow imp.
The centaur shoots an arrow.
The arrow misses you.
The centaur shoots an arrow.
The arrow closely misses you.
You shoot an arrow. The arrow hits the shadow imp.
The shadow imp is moderately wounded.
The centaur shoots an arrow.
The arrow hits you!
You shoot an arrow.
The arrow hits the shadow imp but does no damage.
The shadow imp is moderately wounded.
The centaur shoots an arrow.
The arrow closely misses you. The shadow imp gestures at you.
You struggle to resist.
The centaur shoots an arrow.
The arrow misses you.
You shoot an arrow.
The arrow completely misses the shadow imp.
The centaur shoots an arrow.
The arrow misses you.
The centaur shoots an arrow.
The arrow barely misses you.
You shoot an arrow. The arrow hits the shadow imp.
The shadow imp is heavily wounded.
You shoot an arrow. The arrow barely misses the shadow imp.
The centaur shoots an arrow.
The arrow hits you! The shadow imp puffs mist at you. The shadow imp hits you.
The scorpion misses you.
The centaur shoots an arrow.
The arrow hits you.
You shoot an arrow. The arrow hits the shadow imp.
The shadow imp is severely wounded.
The shadow imp summons a swarm of flies.
The shadow imp gestures at you. Pain shoots through your body!
The centaur shoots an arrow.
The arrow hits you!
You die...

# #
#......!. #
#......c. #
#........ #
#........
###
#........
..#
#........
###
#5.......
..#
#@s......
..#
#.....#+#
.##
#.#####.#
.## #...#
#.<#....###
..###...
#.....#....
####...#
#..#.......
..##...#
#..........
###...#
###......#.
###...#
#..........


You could see a centaur, a scorpion and a shadow imp.

Vanquished Creatures
  Sigmund (D:2)
  A black bear (D:4)
  A scorpion (D:4)
  A bombardier beetle (D:4)
  Natasha (twice) (D:3)
  Robin (D:3)
  7 adders
  3 gnolls (D:4)
  2 dart slugs
  4 ribbon worms (D:2)
  6 orcs (D:4)
  A bat (D:1)
  7 endoplasms
  2 giant cockroaches (D:1)
  14 goblins
  10 hobgoblins
  6 quokkas
  4 ball pythons (D:1)
  2 frilled lizards
  5 kobolds
  4 rats
84 creatures vanquished.

Notes
Turn   | Place    | Note
-------+----------+-------------------------------------------
     0 | D:1      | qw the Deep Elf Hunter began the quest for the Orb.
     0 | D:1      | Reached XP level 1. HP: 12/12 MP: 3/3
     0 | D:1      | 0 ||| qw: Version: 0.3-a-155-g5e7d8dd
     0 | D:1      | 0 ||| qw: Game counter: 1361
     0 | D:1      | 0 ||| qw: Melee chars always use a shield: true
     0 | D:1      | 0 ||| qw: God list: Okawaru
     0 | D:1      | 0 ||| qw: Allow faded altars: false
     0 | D:1      | 0 ||| qw: Do Orc after clearing Dungeon:15 true
     0 | D:1      | 0 ||| qw: Do second Lair branch before Depths: true
     0 | D:1      | 0 ||| qw: Lair rune preference: random
     0 | D:1      | 0 ||| qw: Goals: Normal
     0 | D:1      | 0 ||| PLANNING D:1-11
    92 | D:1      | Reached XP level 2. HP: 8/16 MP: 4/4
   165 | D:1      | Reached skill level 6 in Ranged Weapons
   634 | D:1      | 634 ||| UPGRADING to +6 ring of strength.
   635 | D:1      | 635 ||| UPGRADING to ring of protection from fire.
   636 | D:1      | 636 ||| READING scroll labelled EMICSA NISHOLL.
   637 | D:1      | 637 ||| READING scroll labelled MIWKEO VUPI.
   638 | D:1      | 638 ||| READING 3 scrolls labelled XEUCLOPPORCH.
   641 | D:1      | 641 ||| DRINKING 6 fuming clear potions.
   642 | D:1      | 642 ||| DRINKING 2 bubbling inky potions.
   643 | D:1      | 643 ||| DROPPING scroll of butterflies.
   684 | D:2      | Reached XP level 3. HP: 14/20 MP: 5/5
   904 | D:2      | Reached skill level 7 in Ranged Weapons
  1059 | D:2      | Reached XP level 4. HP: 21/25 MP: 6/6
  1260 | D:2      | Noticed Sigmund
  1263 | D:2      | 1263 ||| FLEEEEING.
  1270 | D:2      | HP: 4/25 [Sigmund/+0 scythe (6)]
  1271 | D:2      | 1271 ||| READING 2 scrolls of teleportation.
  1272 | D:2      | 1272 ||| DRINKING 5 potions of heal wounds.
  1329 | D:2      | Killed Sigmund
  1330 | D:2      | Reached skill level 9 in Ranged Weapons
  1330 | D:2      | Reached XP level 5. HP: 27/29 MP: 7/7
  1499 | D:2      | 1499 ||| UPGRADING to +0 ring mail.
  1509 | D:2      | 1509 ||| DROPPING +0 leather armour.
  1510 | D:2      | 1510 ||| READING scroll labelled KUICOD EHIURATT.
  1510 | D:2      | 1510 ||| ENCHANTING +0 ring mail.
  1511 | D:2      | 1511 ||| READING 2 scrolls labelled WEIGHE RYAGITSI.
  1512 | D:2      | 1512 ||| READING scroll labelled HIETIOL KALAGY.
  1512 | D:2      | 1512 ||| IDENTIFYING blue potion
  1513 | D:2      | 1513 ||| DROPPING potion of magic.
  1514 | D:2      | 1514 ||| DROPPING scroll of blinking.
  1623 | D:3      | Noticed Robin
  1636 | D:3      | Killed Robin
  1641 | D:3      | Reached skill level 3 in Dodging
  1644 | D:3      | HP: 7/29 [hobgoblin[Robin] (4)]
  1645 | D:3      | 1645 ||| READING scroll of teleportation.
  1648 | D:3      | 1648 ||| DRINKING 4 potions of heal wounds.
  1663 | D:3      | Reached XP level 6. HP: 35/35 MP: 8/8
  1812 | D:3      | Found a faded altar of an unknown god.
  1833 | D:3      | Noticed Natasha
  1838 | D:3      | Killed Natasha
  2094 | D:3      | Noticed Natasha
  2105 | D:3      | Killed Natasha
  2176 | D:3      | 2176 ||| UPGRADING to scarf of repulsion.
  2181 | D:3      | 2181 ||| UPGRADING to +0 helmet.
  2186 | D:3      | 2186 ||| READING scroll of identify.
  2186 | D:3      | 2186 ||| IDENTIFYING murky dark potion
  2187 | D:3      | 2187 ||| READING scroll labelled NOMOUW AMIU.
  2188 | D:3      | 2188 ||| READING scroll labelled IMONAR YT JUPUC.
  2289 | D:3      | 2289 ||| READING scroll labelled DUBREKLECI.
  2290 | D:3      | 2290 ||| READING scroll labelled POCROE DUGAE.
  2291 | D:3      | 2291 ||| DRINKING 2 fizzy white potions.
  2291 | D:3      | Gained mutation: You are weak. (Str -2) [potion of
                  | mutation]
  2291 | D:3      | Gained mutation: You are somewhat resistant to further
                  | mutation. [potion of mutation]
  2292 | D:3      | 2292 ||| DROPPING potion of berserk rage.
  2472 | D:4      | 2472 ||| RETREEEEATING.
  2474 | D:4      | Reached skill level 10 in Ranged Weapons
  2590 | D:4      | Reached skill level 1 in Armour
  2590 | D:4      | Reached XP level 7. HP: 40/40 MP: 9/9
  2620 | D:4      | Found a large runed translucent door.
  2621 | D:4      | Found a large runed translucent door.
  2627 | D:4      | Found a shimmering altar of Xom.
  2662 | D:4      | Found Qirikh's Distillery.
  2670 | D:4      | 2670 ||| BUYING potion of curing (30 gold).
  2670 | D:4      | Bought a potion of curing for 30 gold pieces
  2670 | D:4      | 2670 ||| BUYING potion of curing (30 gold).
  2670 | D:4      | Bought a potion of curing for 30 gold pieces
  2670 | D:4      | 2670 ||| SHOPLISTING potion of haste (100 gold, have 96).
  2670 | D:4      | 2670 ||| BUYING potion of heal wounds (50 gold).
  2670 | D:4      | Bought a potion of heal wounds for 50 gold pieces
  2670 | D:4      | 2670 ||| SHOPLISTING potion of mutation (80 gold, have 46).
  2670 | D:4      | 2670 ||| SHOPLISTING potion of resistance (100 gold, have
                  | 46).
  2843 | D:4      | Found a sparkling altar of Nemelex Xobeh.
  2861 | D:4      | Noticed Eustachio
  2866 | D:4      | 2866 ||| READING scroll of identify.
  2866 | D:4      | 2866 ||| IDENTIFYING ruby potion
  2867 | D:4      | 2867 ||| READING scroll labelled YHUCKI SORUT.
  2968 | D:4      | 2968 ||| DROPPING potion of ambrosia.
  2984 | D:5      | Entered Level 5 of the Dungeon
  3062 | D:5      | HP: 6/40 [shadow imp/nerve-wracking pain (6)]
  3062 | D:5      | Shot with an arrow by a centaur

Levels and vault maps discovered:
D:1:      orjb1_clovarrival, layout_loops_ring
D:2:      layout_basic, uniq_sigmund
D:3:      layout_loops_cross, hellmonk_ecumenical_altar_run_dry,
          amcnicky_mini_pool_small, uniq_natasha, uniq_robin
D:4:      due_chaos_kobolds, layout_rooms, nemelex_dance_club_becter,
          kennysheep_small_circle, uniq_eustachio
D:5:      layout_basic, nicolae_ru_path_of_blood, serial_curves, eino_curves_02,
          eino_curves_01

Skill      XL: |  1  2  3  4  5  6 |
---------------+-------------------+-----
Ranged Weapons | 6 7 9 10 | 10.7
Dodging        | 3 |  3.0
Fighting       | 2 |  2.1
Armour         | 1 |  1.0
Stealth        | |  1.2

Action                     |  1- 3 |  4- 6 |  7- 9 || total
---------------------------+-------+-------+-------++-------
   Fire: Shortbow          |   115 |   158 |    28 ||   301
    Use: Scroll            |     3 |    10 |     2 ||    15
         Potion            |     2 |     3 |       ||     5
 Armour: Leather armour    |    48 |     6 |       ||    54
         Ring mail         |       |    52 |     7 ||    59
  Dodge: Dodged            |    35 |    68 |    12 ||   115

Table legend:
 A = Non-vault XP
 B = Vault XP
 C = Vault XP percentage of total XP
 D = Non-vault monster count
 E = Vault monster count
 F = Vault count percentage of total count
                 A         B        C        D         E       F
            +---------+---------+-------+---------+---------+-------
      Total |     540 |     306 |  36.2 |      66 |      18 |  21.4
            +---------+---------+-------+---------+---------+-------
        D:1 |      33 |       0 |   0.0 |      19 |       0 |   0.0
        D:2 |      82 |     226 |  73.4 |      20 |       1 |   4.8
        D:3 |      86 |      73 |  45.9 |       9 |      14 |  60.9
        D:4 |     339 |       7 |   2.0 |      18 |       3 |  14.3
            +---------+---------+-------+---------+---------+-------
